 Dungeon Crawl Stone Soup version 0.28.0-1-gb440e238dd (webtiles) character file.

Game seed: 11387733455824197435

345 zeram the Covered (level 6, -1/39 HPs)
             Began as a Gargoyle Fighter on Feb 26, 2022.
             Slain by a hobgoblin (3 damage)
             ... on level 4 of the Dungeon.
             The game lasted 00:05:31 (4472 turns).

zeram the Covered (Gargoyle Fighter)                Turns: 4472, Time: 00:05:31

Health: -1/39      AC: 11    Str: 21    XL:     6   Next: 58%
Magic:  6/6        EV:  9    Int:  9    God:
Gold:   80         SH:  4    Dex:  9    Spells: 5/5 levels left

rFire   . . .      SeeInvis .   k - +0 flail (venom)
rCold   . . .      Faith    .   c - +0 buckler
rNeg    + . .      Spirit   .   b - +0 scale mail
rPois   ∞          Reflect  .   (no helmet)
rElec   +          Harm     .   (no cloak)
rCorr   .          Rampage  .   (no gloves)
Will    .....                   (no boots)
Stlth   ..........              (no amulet)
HPRegen 0.13/turn               (no ring)
MPRegen 0.10/turn               (no ring)

@: no status effects
A: sickness immunity, AC +4, negative energy resistance 1, electricity
resistance, torment resistance 1, petrification resistance
a: no special abilities


You were on level 4 of the Dungeon.
You visited 1 branch of the dungeon, and saw 4 of its levels.

You collected 80 gold pieces.

Inventory:

Hand Weapons
 a - a +0 flail
 h - a +0 dagger
 k - a +0 flail of venom (weapon)
Armour
 b - a +0 scale mail (worn)
 c - a +0 buckler (worn)
Jewellery
 f - a ring of fire
Scrolls
 e - a scroll of teleportation
Potions
 g - a potion of flight


   Skills:
 + Level 4.5 Fighting
 + Level 4.1 Maces & Flails
 + Level 5.2 Armour
 + Level 1.0 Dodging
 + Level 0.6 Stealth
 + Level 3.7 Shields


You had 5 spell levels left.
You didn't know any spells.
Your spell library contained the following spells:

 Spells                   Type           Power      Damage    Failure   Level
 Tukima's Dance           Hex            0%         N/A       99%         3
 Anguish                  Hex/Necr       0%         N/A       100%        4
 Enfeeble                 Hex            0%         N/A       100%        7


Dungeon Overview and Level Annotations

Branches:
Dungeon (4/15)
 Temple: D:4-7

Altars:
Ru
Wu Jian

Annotations:
D:4 Pikel, Sigmund


Innate Abilities, Weirdness & Mutations

You are immune to sickness and miasma.
Your stone body is resilient. (AC +4)
You are immune to poison.
You resist negative energy. (rN+)
You are resistant to electric shocks. (rElec)
You are resistant to unholy torment.
You are immune to petrification.


Message History

You thump the lemure!
You kill the lemure!
That felt strangely unrewarding.
You hit the orc.
The orc is poisoned.
The orc is heavily wounded.
The orc hits you but does no damage. You block the orc's attack.
You hit the orc but do no damage.
The orc looks as sick as possible!
The orc is heavily wounded.
You kill the orc!
You closely miss Pikel. Pikel hits you but does no damage.
Okay, then.
You closely miss Pikel. Pikel barely misses you.
The orc priest looks encouraged for a moment.
You hit Pikel.
Pikel is poisoned.
Pikel is lightly wounded.
Pikel completely misses you.
The orc priest looks braver for a moment.
You sock Pikel!
Pikel looks as sick as possible!
Pikel is moderately wounded.
Pikel hits you with a +1 whip of flaming.
Pikel burns you.
The orc priest invokes the aid of Beogh against you.
Beogh smites you!
* * * LOW HITPOINT WARNING * * *
You hear a shout!
As you read the scroll of teleportation, it crumbles to dust.
You feel strangely unstable. Pikel hits you but does no damage.
Pikel hits you with a +1 whip of flaming.
* * * LOW HITPOINT WARNING * * *
Pikel burns you.
* * * LOW HITPOINT WARNING * * *
Your surroundings suddenly seem different.
A hobgoblin comes into view.
The hobgoblin shouts!
Found a scroll labelled YLISTRAUTAPN.
You closely miss the hobgoblin.
The hobgoblin hits you but does no damage.
You closely miss the hobgoblin. The hobgoblin barely misses you.
You barely miss the hobgoblin. The hobgoblin hits you.
You die...

#...# #.
#..@# #.#
#. #...#
#.# #.
#..?# #.#
#. ##.##
#.# #. ..
#?# #. ##
#.# #. #.#
#.
#########@#
##
........g.#
###########


You could see a hobgoblin.

Vanquished Creatures
  The ghost of BigDaddyOpFi the Shield-Bearer, an amateur GrFi (D:3)
  A lemure (D:4)
  A hound (D:4)
  Ijyb (D:3)
  4 gnolls
  8 adders
  A worm (D:2)
  A dart slug (D:2)
  An orc (D:4)
  7 endoplasms
  A giant cockroach (D:1)
  7 goblins
  8 hobgoblins
  2 quokkas
  5 ball pythons
  6 bats
  3 frilled lizards
  5 kobolds
  7 rats
70 creatures vanquished.

Notes
Turn   | Place    | Note
-------+----------+-------------------------------------------
     0 | D:1      | zeram the Gargoyle Fighter began the quest for the Orb.
     0 | D:1      | Reached XP level 1. HP: 14/14 MP: 1/1
   328 | D:1      | Reached XP level 2. HP: 16/19 MP: 2/2
  1194 | D:2      | Reached XP level 3. HP: 13/24 MP: 3/3
  1594 | D:2      | Reached skill level 4 in Armour
  1942 | D:2      | Reached XP level 4. HP: 24/29 MP: 4/4
  2256 | D:2      | Found a faded altar of an unknown god.
  2626 | D:3      | Found a large runed translucent door.
  2626 | D:3      | Found a large runed translucent door.
  2630 | D:3      | Noticed BigDaddyOpFi's ghost (amateur GrFi)
  2638 | D:3      | Found a sacrificial altar of Ru.
  2705 | D:3      | Noticed Ijyb
  2727 | D:3      | Killed Ijyb
  2729 | D:3      | Reached XP level 5. HP: 33/33 MP: 5/5
  2951 | D:3      | Found an ornate altar of the Wu Jian Council.
  3612 | D:3      | Killed BigDaddyOpFi's ghost
  3613 | D:3      | Reached skill level 5 in Armour
  3613 | D:3      | Reached XP level 6. HP: 29/39 MP: 6/6
  3769 | D:4      | Noticed Sigmund
  4444 | D:4      | Noticed Pikel
  4453 | D:4      | Reached skill level 1 in Dodging
  4464 | D:4      | HP: 1/39 [Pikel (1)]
  4472 | D:4      | Slain by a hobgoblin

Illustrated notes

Levels and vault maps discovered:
D:1:      nicolae_arrival_memento_mori, layout_basic
D:2:      layout_loops_ring, dilly_ecumenical_altar_fadedgnrine,
          grunt_decor_fettered, grunt_ministairs_3, amethyst_killhole,
          minmay_pentomino_p2
D:3:      layout_rooms, mainiacjoe_overflow_concentric_impassable,
          nicolae_ru_path_of_blood, ebering_ghost_disaster_area, uniq_ijyb
D:4:      layout_basic, mainiacjoe_overflow_brackets, kennysheep_generic_room_8,
          uniq_pikel, uniq_sigmund, uniq_eustachio

Skill      XL: |  1  2  3  4  5  6 |
---------------+-------------------+-----
Armour         | 4 5 |  5.2
Maces & Flails | 3 4 |  4.1
Fighting       | 4 |  4.5
Dodging        | 1 |  1.0
Stealth        | |  0.6
Shields        | |  3.7

Action                   |  1- 3 |  4- 6 || total
-------------------------+-------+-------++-------
Melee: Flail             |   147 |   163 ||   310
  Use: Scroll            |     2 |     8 ||    10
       Potion            |       |     5 ||     5
Armor: Scale mail        |    89 |    73 ||   162
       Skin              |       |    14 ||    14
Dodge: Dodged            |    64 |    69 ||   133
Block: Buckler           |    27 |    33 ||    60
